 Dungeon Crawl Stone Soup version bcrawl-1.31.4 (webtiles) character file.

Game seed: 4251056504622849448

324217 Morbidden the Ducker (level 9, -4/74 HPs)
             Began as a Green Draconian Archaeologist on June 9, 2021.
             Was a Believer of Cheibriados.
             Slain by a warg (8 damage)
             ... on level 7 of the Dungeon.
             The game lasted 00:06:24 (5596 turns).

Morbidden the Ducker (DrAc)                         Turns: 5596, Time: 00:06:24

Health: -4/74      AC: 11    Str: 21    XL:     9   Next: 46%
Magic:  21/21      EV: 17    Int: 21    God:    Cheibriados [**....]
Gold:   491        SH:  0    Dex: 19    Spells: 12/12 levels left

rFire    . . .     SeeInvis .   a - +2 dagger (elec)
rCold    . . .     Gourm    .   (no shield)
rNeg     . . .     Faith    .   (armour unavailable)
rPois    +         Spirit   .   v - +2 hat
rElec    .         Reflect  .   (no cloak)
rCorr    .         Harm     .   (no gloves)
MR       .....                  d - +1 pair of boots
Stlth    +++.......             g - amulet of regeneration
HPRegen  0.85/turn              l - +5 ring of slaying
MPRegen  0.17/turn              r - ring of magical power

@: very slow
A: breathe noxious fumes, unfitting armour, agile 1, poison resistance, wild
magic 1, cold-blooded, AC +7
a: Breathe Noxious Fumes, Bend Time, Renounce Religion


You were on level 7 of the Dungeon.
You worshipped Cheibriados.
Cheibriados was pleased with you.
You were hungry.

You visited 1 branch of the dungeon, and saw 7 of its levels.

You collected 491 gold pieces.

Inventory:

Hand Weapons
 a - a +2 dagger of electrocution (weapon)
 b - a +0 blowgun
 t - a +1 short sword of venom
Missiles
 h - 6 curare-tipped needles
 p - 144 poisoned tomahawks (quivered)
 u - 39 poisoned needles
Armour
 d - a +1 pair of boots (worn)
 v - a +2 hat (worn)
Jewellery
 g - an amulet of regeneration (around neck)
 l - a +5 ring of slaying (left hand)
 r - a ring of magical power (right hand)
Wands
 s - a wand of polymorph (16)
Scrolls
 f - 5 scrolls of magic mapping
 i - 10 scrolls of identify
 j - 8 scrolls of remove curse {unknown}
 m - 2 scrolls of noise {unknown}
 o - 4 scrolls of teleportation {unknown}
 q - 3 scrolls of enchant armour
Potions
 c - a potion of flight
 k - a potion of haste {unknown}
 n - 7 potions of curing {unknown}
 w - 2 potions of brilliance {unknown}
 x - a potion of lignification {unknown}
Comestibles
 e - 17 rations {!d}


   Skills:
 * Level 5.5 Fighting
 + Level 5.5 Short Blades
   Level 1.0 Maces & Flails
 * Level 6.6 Dodging
 + Level 5.4 Stealth
 * Level 4.8 Unarmed Combat
 * Level 2.2 Spellcasting
 * Level 4.0 Invocations


You had 12 spell levels left.
You didn't know any spells.
Your spell library contained the following spells:

 Spells                   Type           Power        Failure   Level  Hunger
 Animate Skeleton         Necr           N/A          21%         1    None
 Pain                     Necr           #.....       21%         1    None
 Vampiric Draining        Necr           #.........   50%         3    ####...
 Agony                    Necr           #.......     87%         4    ######.
 Animate Dead             Necr           N/A          87%         4    ######.
 Dispel Undead            Necr           #.......     99%         5    #######


Dungeon Overview and Level Annotations

Branches:
Dungeon (7/12)             Temple (0/1) D:6            Lair (0/6) D:7

Altars:
Ashenzari
Cheibriados
Lugonu
Ru
Trog
Wu Jian
Yredelemnul

Shops:
D:7 %

Annotations:
D:2 1 runed door
D:3 2 transporters, yrara's ghost, amateur DsFi
D:5 3 runed doors, izumii3's ghost, novice CeFi
D:7 1 transporter


Innate Abilities, Weirdness & Mutations

You can breathe blasts of noxious fumes.
Your lurid green scales are hard. (AC +7)
You cannot fit into any form of body armour.
Your system is resistant to poisons. (rPois)
You are cold-blooded and may be slowed by cold attacks.
You are agile. (Dex +2)
Your spells are a little harder to cast, but a little more powerful.


Message History

The warg closely misses you. The ogre closely misses you.
No path to travel!
No path to travel!
The warg closely misses you.
The orc priest calls down the wrath of Beogh upon you.
Beogh smites you! The orc hits you but does no damage.
The orc priest calls down the wrath of Beogh upon you.
Beogh smites you! The warg bites you!
* * * LOW HITPOINT WARNING * * *
The ogre hits you with a +0 giant club!
* * * LOW HITPOINT WARNING * * *
Okay, then.
The orc priest calls upon Beogh to heal something.
The warg pauses to sniff the ground.
The warg misses you. The warg bites you!
* * * LOW HITPOINT WARNING * * *
The warg closely misses you. The warg bites you but does no damage.
The warg bites you!
You die...

##### ####### #######§§≈##
#...∩.# ##...#≈≈≈.≈≈##
#.....###....#§§≈.≈≈§# #.
#.....##...<.+§..<.)§' #.
#.....##.....##≈≈.≈≈§# ##..
#.....##.....##≈≈§≈≈##
##...# #.†h.##.......#≈≈≈##.
#.....###Oh@.........#####..
.......#..h###..............
.P.....#ooo####.......(.....
......o.o....#..............
.....!o........####...#####.
...>.........### .##### ##
.........%..## #........
............#) #....©.©..
.$P....#....#?.+..........


You could see 2 wargs, an orc warrior, a black bear, an ogre, 2 orc priests, an
orc wizard and 2 orcs.

Vanquished Creatures
  A centaur zombie (D:5)
  Prince Ribbit (D:5)
  Sigmund (D:2)
  Edmund (D:4)
  2 ice beasts
  An orc warrior (D:6)
  A sky beast (D:6)
  3 phantoms
  A centaur (D:7)
  3 ogres
  2 bullfrogs
  2 scorpions
  A killer bee (D:6)
  A howler monkey (D:5)
  A hound (D:5)
  2 bullfrog zombies (D:5)
  6 orc priests
  A jelly (D:4)
  2 iguanas
  Ijyb (D:3)
  Terence (D:2)
  2 orc wizards
  A worker ant (D:5)
  A hound zombie (D:5)
  A worker ant zombie (D:5)
  3 gnolls (D:6)
  7 adders
  A shadow imp (D:5)
  3 oozes
  2 adder skeletons
  An adder zombie (D:5)
  7 worms
  3 dart slugs
  3 leopard geckos
  37 orcs
  3 bats
  4 giant cockroaches (D:4)
  5 goblins
  6 hobgoblins
  5 jackals
  4 quokkas
  A ball python (D:1)
  A frilled lizard (D:3)
  11 kobolds
  A quokka zombie (D:6)
  4 rats (D:2)
152 creatures vanquished.

Notes
Turn   | Place    | Note
-------+----------+-------------------------------------------
     0 | D:1      | Morbidden the Draconian Archaeologist began the quest for
                  | the Orb.
     0 | D:1      | Reached XP level 1. HP: 16/16 MP: 1/1
    47 | D:1      | Reached skill level 3 in Dodging
    63 | D:1      | Reached XP level 2. HP: 14/23 MP: 2/2
   619 | D:2      | Found a shattered altar of Ashenzari.
   626 | D:2      | Reached XP level 3. HP: 28/28 MP: 3/3
   847 | D:2      | Noticed Terence
   862 | D:2      | Killed Terence
   863 | D:2      | Reached skill level 1 in Unarmed Combat
   863 | D:2      | Reached XP level 4. HP: 28/35 MP: 4/4
  1062 | D:2      | Found an ornate altar of the Wu Jian Council.
  1075 | D:2      | Noticed Sigmund
  1135 | D:2      | Gained mutation: You possess an exceptional clarity of
                  | mind. [potion of mutation]
  1135 | D:2      | Lost mutation: You possess an exceptional clarity of mind.
                  | [potion of mutation]
  1135 | D:2      | Gained mutation: You are agile. (Dex +2) [potion of
                  | mutation]
  1135 | D:2      | Gained mutation: Your spells are a little harder to cast,
                  | but a little more powerful. [potion of mutation]
  1145 | D:2      | Killed Sigmund
  1146 | D:2      | Reached skill level 1 in Short Blades
  1146 | D:2      | Reached skill level 4 in Dodging
  1146 | D:2      | Reached XP level 5. HP: 10/41 MP: 5/5
  1146 | D:2      | Identified a scroll of acquirement
  1148 | D:2      | Identified the +1 dire flail of the Ring {venom, +Blink
                  | Str+6 Int-2 SInv} (You acquired it on level 2 of the
                  | Dungeon)
  1148 | D:2      | Identified the +4 buckler of Contentment {Str+3 SInv} (You
                  | acquired it on level 2 of the Dungeon)
  1315 | D:2      | Found a runed door.
  1792 | D:3      | Reached XP level 6. HP: 50/50 MP: 6/6
  1979 | D:3      | Found a transporter.
  1982 | D:3      | Noticed yrara's ghost (amateur DsFi)
  2002 | D:3      | Found a transporter.
  2020 | D:3      | Noticed Ijyb
  2039 | D:3      | Killed Ijyb
  2260 | D:3      | Got a scintillating marble ring
  2262 | D:3      | Identified the cursed ring of Ytwioxaoc {SInv Stlth--} (You
                  | found it on level 3 of the Dungeon)
  2944 | D:3      | Found a snail-covered altar of Cheibriados.
  3021 | D:3      | Became a worshipper of Cheibriados the Contemplative
  3068 | D:4      | Your scales start taking on a lurid green colour.
  3068 | D:4      | Reached XP level 7. HP: 29/56 MP: 7/7
  3068 | D:4      | Gained mutation: Your system is resistant to poisons.
                  | (rPois) [Green Draconian growth]
  3154 | D:4      | Reached skill level 5 in Dodging
  3192 | D:4      | Noticed Edmund
  3212 | D:4      | Killed Edmund
  3213 | D:4      | Reached skill level 1 in Invocations
  3244 | D:4      | Found a corrupted altar of Lugonu.
  3368 | D:4      | Found a sacrificial altar of Ru.
  3570 | D:5      | Entered Level 5 of the Dungeon
  3617 | D:5      | Reached * piety under Cheibriados
  3744 | D:5      | Found a bloodstained altar of Trog.
  3782 | D:5      | Reached XP level 8. HP: 52/66 MP: 9/9
  3801 | D:5      | Noticed Prince Ribbit
  3814 | D:5      | Killed Prince Ribbit
  3923 | D:5      | Reached skill level 6 in Dodging
  4210 | D:5      | Found a runed gate.
  4210 | D:5      | Found a runed gate.
  4210 | D:5      | Found a runed gate.
  4210 | D:5      | Noticed izumii3's ghost (novice CeFi)
  4213 | D:5      | Found a basalt altar of Yredelemnul.
  4600 | D:5      | Reached skill level 5 in Stealth
  4600 | D:5      | Reached skill level 1 in Spellcasting
  4623 | D:5      | Reached XP level 9. HP: 73/73 MP: 11/11
  4716 | D:6      | Reached ** piety under Cheibriados
  4854 | D:6      | Reached skill level 5 in Fighting
  4854 | D:6      | Reached skill level 5 in Short Blades
  5080 | D:6      | Found a staircase to the Ecumenical Temple.
  5564 | D:7      | Found a transporter.
  5585 | D:7      | Found Ulloniar's Food Shop.
  5587 | D:7      | Found a staircase to the Lair.
  5596 | D:7      | Slain by a warg

Skill      XL: |  1  2  3  4  5  6  7  8  9 |
---------------+----------------------------+-----
Dodging        | 3 4 5 6 |  6.6
Unarmed Combat | 1 2 3 4 |  4.8
Fighting       | 2 3 4 5 |  5.5
Short Blades   | 1 2 3 4 5 |  5.5
Stealth        | 4 5 |  5.4
Invocations    | 2 3 4 |  4.0
Spellcasting   | 1 2 |  2.2
Maces & Flails | |  1.0

Action                   |  1- 3 |  4- 6 |  7- 9 || total
-------------------------+-------+-------+-------++-------
Melee: Unarmed           |    53 |    31 |       ||    84
       Tailslap          |    14 |    19 |    26 ||    59
       Short sword       |    66 |    92 |       ||   158
       Dagger            |       |    49 |   196 ||   245
       Punch             |       |       |     3 ||     3
 Abil: Breathe Noxious F |       |       |     2 ||     2
  Use: Potion            |       |     4 |       ||     4
       Scroll            |       |     3 |     1 ||     4
 Stab: Sleeping          |     5 |     3 |    12 ||    20
       Invisible         |       |     1 |       ||     1
  Eat: Chunk             |     3 |    11 |     9 ||    23
Armor: Skin              |    23 |    50 |    49 ||   122
Dodge: Dodged            |    72 |   104 |   121 ||   297
